 Dungeon Crawl Stone Soup version 0.26-a0-597-gb535b09 (webtiles) character file.

Game seed: 10595863612029764971

1408 smeego the Slasher (level 8, -1/53 (54) HPs)
             Began as an Octopode Fighter on Aug 26, 2020.
             Slain by an orc warrior
             ... wielding a +0 short sword
              (20 damage)
             ... on level 6 of the Dungeon.
             The game lasted 00:07:13 (5620 turns).

smeego the Slasher (Octopode Fighter)               Turns: 5620, Time: 00:07:13

HP:   -1/53 (54)    AC:  1    Str: 17    XL:     8   Next: 70%
MP:   17/17         EV: 13    Int: 11    God:
Gold: 245           SH:  9    Dex: 11    Spells: 7/7 levels left

rFire    . . .     SeeInvis .   a - +0 long sword
rCold    . . .     Faith    .   b - +0 kite shield
rNeg     + . .     Spirit   .   (helmet restricted)
rPois    .         Reflect  .   l - amulet of magic regeneration
rElec    .         Harm     .   o - ring of positive energy
rCorr    .                      r - ring of magical power
MR       .....                  (no ring)
Stlth    ++++......             (no ring)
HPRegen  0.17/turn              (no ring)
MPRegen  0.40/turn              (no ring)
                                (no ring)
                                (no ring)

@: no status effects
A: almost no armour, stealthy swim, amphibious, 8 rings, constrict 8, camouflage
1, gelatinous body 1
a: no special abilities


You were on level 6 of the Dungeon.
You visited 1 branch of the dungeon, and saw 6 of its levels.

You collected 245 gold pieces.

Inventory:

Hand Weapons
 a - a +0 long sword (weapon)
 m - a +1 dagger of protection
Armour
 b - a +0 kite shield (worn)
 t - a +2 buckler
Jewellery
 l - an amulet of magic regeneration (around mantle)
 o - a ring of positive energy (left tentacle)
 r - a ring of magical power (right tentacle)
Wands
 e - a wand of random effects (21)
 h - a wand of flame (22)
Scrolls
 d - 4 scrolls of teleportation
 g - 2 scrolls of fog
 j - a scroll of blinking
 n - 2 scrolls of enchant weapon
Potions
 c - a potion of might
 f - 2 potions of curing
 i - a potion of brilliance
 k - a potion of heal wounds
 p - a potion of degeneration
 q - a potion of haste
 v - a potion of ambrosia {unknown}
 w - a potion of flight {unknown}


   Skills:
 + Level 4.9 Fighting
 * Level 5.8 Long Blades
 + Level 4.8 Dodging
 + Level 5.2 Stealth
 + Level 4.9 Shields
 + Level 3.6 Unarmed Combat
 + Level 1.3 Evocations


You had 7 spell levels left.
You didn't know any spells.
Your spell library was empty.

Dungeon Overview and Level Annotations

Branches:
Dungeon (6/15)
 Temple: D:4-7

Altars:
Fedhas
Xom

Annotations:
D:3 1 runed translucent door, Thraspic's ghost, amateur GnWz


Innate Abilities, Weirdness & Mutations

You cannot wear most types of armour.
You are very stealthy in the water. (Stealth+)
You are amphibious.
You can wear up to eight rings at the same time.
You can use your tentacles to constrict eight enemies at once.
Your skin changes colour to match your surroundings (Stealth+).
Your rubbery body absorbs attacks. (AC +1, EV +1)


Message History

The orc warrior is moderately wounded.
You constrict the orc warrior. You block the orc warrior's attack.
You hit the orc warrior.
The orc warrior is heavily wounded.
You constrict the orc warrior.
The orc wizard gestures wildly while chanting.
The orc wizard flickers and vanishes!
Deactivating autopickup; reactivate with Ctrl-A.
The orc warrior hits you with a +0 short sword!
You block the orc warrior's attack.
You hit the orc warrior but do no damage.
You squeeze the orc warrior, but do no damage.
The orc warrior is severely wounded.
You constrict the orc warrior.
The orc warrior escapes!
Unknown command.
You hit the orc warrior. You grab the orc warrior. You squeeze the orc warrior.
The orc warrior is almost dead.
You constrict the orc warrior, but do no damage.
The orc warrior hits you with a +0 short sword!!
You die...

#...........#..#.........
#.....###+###..###'##....
#.....'..........'..#....
#.....#..........#..+....
#.....#...###..###..#(...
#.....#...###..######....
#.....#.........+ #....
#.....#.........# #....
.......#o@####..##
..#######o####..##...
#......(...........#
#.......$..........#
#....?..###+####...#
#...##### [. ...# ####
... ..# .... .#
....######


You could see an orc warrior and an orc wizard.

Vanquished Creatures
  Sigmund (D:5)
  A necrophage (D:5)
  A phantom (D:4)
  3 ogres
  Blork the orc (D:4)
  3 scorpions (D:4)
  2 howler monkeys
  A centaur zombie (D:5)
  An orc priest (D:6)
  A centaur skeleton (D:4)
  A hound (D:5)
  A jelly (D:3)
  An iguana (D:5)
  Natasha (thrice) (D:2)
  3 worker ants
  5 gnolls
  5 adders
  2 shadow imps (D:5)
  An ooze (D:5)
  An adder zombie (D:4)
  2 worms
  3 dart slugs
  4 leopard geckos
  10 orcs
  4 bats
  2 giant cockroaches
  6 goblins
  6 hobgoblins
  5 jackals
  13 kobolds
  2 quokkas
  2 ball pythons
  2 frilled lizards (D:3)
  6 rats
105 creatures vanquished.

Notes
Turn   | Place    | Note
-------+----------+-------------------------------------------
     0 | D:1      | smeego the Octopode Fighter began the quest for the Orb.
     0 | D:1      | Reached XP level 1. HP: 16/16 MP: 1/1
   138 | D:1      | Reached XP level 2. HP: 21/21 MP: 2/2
   419 | D:1      | Reached skill level 1 in Stealth
   431 | D:1      | Reached XP level 3. HP: 26/26 MP: 3/3
  1120 | D:2      | Reached XP level 4. HP: 26/31 MP: 4/4
  1185 | D:2      | Found a shimmering altar of Xom.
  1203 | D:2      | Reached skill level 1 in Unarmed Combat
  1643 | D:2      | Reached XP level 5. HP: 36/36 MP: 5/5
  1647 | D:2      | Noticed Natasha
  1650 | D:2      | Killed Natasha
  1853 | D:2      | Noticed Natasha
  1863 | D:2      | Killed Natasha
  2146 | D:3      | Reached XP level 6. HP: 42/42 MP: 6/6
  2348 | D:3      | Found a runed translucent door.
  2348 | D:3      | Noticed Thraspic's ghost (amateur GnWz)
  2385 | D:3      | HP: 2/43 [gnoll/+0 flail (6)]
  2415 | D:2      | Noticed Natasha
  2421 | D:2      | Killed Natasha
  2740 | D:4      | Reached XP level 7. HP: 16/47 MP: 7/7
  3503 | D:4      | Found a blossoming altar of Fedhas.
  3694 | D:4      | Noticed Blork the orc
  3700 | D:4      | Killed Blork the orc
  4094 | D:5      | Entered Level 5 of the Dungeon
  4106 | D:5      | Noticed Sigmund
  4127 | D:5      | Killed Sigmund
  4127 | D:5      | Reached skill level 5 in Long Blades
  4127 | D:5      | Reached XP level 8. HP: 35/54 MP: 8/8
  4612 | D:5      | Reached skill level 5 in Stealth
  4940 | D:5      | Reached skill level 1 in Evocations
  5620 | D:6      | Slain by an orc warrior

Illustrated notes

Levels and vault maps discovered:
D:1:      dpeg_arrival_long_road, layout_basic
D:2:      layout_basic, lemuel_doored_altar, uniq_natasha
D:3:      layout_rooms, gammafunk_ghost_grave
D:4:      layout_basic, fedhas_altar_fruit_tree, uniq_blork_the_orc
D:5:      layout_layer_cave, uniq_sigmund
D:6:      layout_gridville, minmay_temple_entry_arrows, serial_shops,
          kennysheep_mini_moat, enter_ossuary_5

Skill      XL: |  1  2  3  4  5  6  7  8 |
---------------+-------------------------+-----
Stealth        | 1 2 3 4 5 |  5.2
Unarmed Combat | 1 2 3 |  3.6
Long Blades    | 3 4 5 |  5.8
Fighting       | 4 |  4.9
Dodging        | 4 |  4.8
Shields        | 4 |  4.9
Evocations     | 1 |  1.3

Action                   |  1- 3 |  4- 6 |  7- 9 || total
-------------------------+-------+-------+-------++-------
Melee: Long sword        |    54 |    68 |   104 ||   226
       Constrict         |    17 |    23 |    21 ||    61
       Tentacles         |     9 |    25 |    28 ||    62
       Dagger            |       |    22 |       ||    22
       Punch             |       |     1 |     2 ||     3
  Use: Scroll            |       |     4 |     8 ||    12
       Potion            |       |     2 |     1 ||     3
 Stab: Sleeping          |     6 |     3 |     4 ||    13
Armor: Skin              |     4 |     7 |     4 ||    15
Dodge: Dodged            |    25 |    36 |    46 ||   107
Block: Kite shield       |    24 |    33 |    34 ||    91
       Rpst.: Long sword |    10 |     5 |    12 ||    27

Table legend: (Time is in decaauts)
 A = Elapsed time spent in this place.
 B = Non-inter-level travel time spent in this place.
 C = Inter-level travel time spent in this place.
 D = Time resting spent in this place.
 E = Time spent auto-exploring this place.
 F = Levels seen in this place.
 G = Mean time per level.
                   A        B        C        D        E       F      G
               +--------+--------+--------+--------+--------+-----+--------+
         Total |   5688 |   5550 |    138 |   1435 |   3237 |   6 |  948.0 |
       Dungeon |   5688 |   5550 |    138 |   1435 |   3237 |   6 |  948.0 |
               +--------+--------+--------+--------+--------+-----+--------+

Top non-repeatable levels by time:
     D:2: 1414 daAuts
     D:5: 1250 daAuts
     D:4: 1116 daAuts
     D:1: 837 daAuts
     D:3: 781 daAuts
     D:6: 287 daAuts
